[Event "ICC tourney 1954 (60 10)"]
[Site "Internet Chess Club"]
[Date "2020.08.09"]
[Round "8"]
[White "antonk2012"]
[Black "DimSum17"]
[Result "1-0"]
[ICCResult "Black checkmated"]
[WhiteElo "792"]
[BlackElo "946"]
[Opening "Sicilian: Smith-Morra gambit"]
[ECO "B21"]
[NIC "SI.48"]
[Time "15:18:51"]
[TimeControl "3600+10"]

1. e4 c5 2. d4 cxd4 3. Qxd4 Nc6 4. Qd1 Nf6 5. Nc3 e5 6. Bg5 h6 7. Bxf6 Qxf6
8. Nf3 Bb4 9. Qd2 O-O 10. h4 d6 11. Rg1 Bg4 12. Be2 Bxf3 13. gxf3 Qxh4 14.
Qe3 Nd4 15. O-O-O Rac8 16. Kd2 Rc6 17. Rh1 Qd8 18. Rdg1 Kh7 19. Rxg7+ Kxg7
20. Qxh6+ Kg8 21. Qh7# {Black checkmated} 1-0

[Event "ICC tourney 1954 (60 10)"]
[Site "Internet Chess Club"]
[Date "2020.08.09"]
[Round "8"]
[White "kushagra12"]
[Black "BArkadia"]
[Result "0-1"]
[ICCResult "White resigns"]
[WhiteElo "793"]
[BlackElo "1195"]
[Opening "Scotch gambit"]
[ECO "C44"]
[NIC "SO.06"]
[Time "15:19:11"]
[TimeControl "3600+10"]

1. e4 e5 2. Nf3 Nc6 3. d4 exd4 4. Bc4 Bc5 5. O-O Nge7 6. Ng5 d5 7. exd5 Nxd5
8. Qf3 Be6 9. Re1 O-O 10. Qh5 Nf6 11. Nxe6 Nxh5 12. Nxd8 Raxd8 13. Bg5 Rde8
14. Nd2 Nb4 15. Bb3 d3 16. c3 Nc2 17. Bxc2 dxc2 18. Ne4 Bb6 19. g4 f5 20.
gxf5 Rxf5 21. Bh4 Rfe5 {White resigns} 0-1

[Event "ICC tourney 1954 (60 10)"]
[Site "Internet Chess Club"]
[Date "2020.08.09"]
[Round "8"]
[White "nirvana2020"]
[Black "Yeetamus123"]
[Result "0-1"]
[ICCResult "White checkmated"]
[WhiteElo "781"]
[BlackElo "1095"]
[Opening "Giuoco Piano"]
[ECO "C50"]
[NIC "IG.02"]
[Time "15:18:34"]
[TimeControl "3600+10"]

1. e4 e5 2. Nf3 Nc6 3. Bc4 Bc5 4. a3 Nf6 5. d3 h6 6. h3 O-O 7. Nc3 d6 8. Na4
Bb6 9. Nxb6 axb6 10. O-O Be6 11. Bxe6 fxe6 12. Nh2 Qe8 13. Qf3 Nd4 14. Qd1
Qg6 15. Nf3 Nh5 16. Nxd4 exd4 17. Qe2 Rae8 18. e5 Rf7 19. exd6 cxd6 20. Qe4
Qf6 21. b3 Ng3 22. Qf4 Ne2+ 23. Kh1 Nxf4 24. Bxf4 Qxf4 25. Kg1 Rf6 26. a4
Rg6 27. g3 Qe5 28. h4 Rf8 29. Rae1 Qh5 30. Re4 e5 31. Kh2 Rg4 32. Ree1 Rf6
33. Rd1 Rfg6 34. Rde1 Rxh4+ 35. gxh4 Qxh4# {White checkmated} 0-1

[Event "ICC tourney 1954 (60 10)"]
[Site "Internet Chess Club"]
[Date "2020.08.09"]
[Round "8"]
[White "luciapanda"]
[Black "yimaster"]
[Result "1-0"]
[ICCResult "Black resigns"]
[WhiteElo "1068"]
[BlackElo "1205"]
[Opening "Queen's pawn: Charlick (Englund) gambit"]
[ECO "A40"]
[NIC "QO.17"]
[Time "15:19:11"]
[TimeControl "3600+10"]

1. d4 e5 2. Nf3 e4 3. Ng5 Nf6 4. Nc3 d5 5. Bf4 h6 6. Nh3 Bb4 7. e3 a6 8. Be2
Nc6 9. a3 Bxc3+ 10. bxc3 Qe7 11. c4 g5 12. Bg3 b6 13. cxd5 Nxd5 14. Bc4 Be6
15. Qd2 Na5 16. Bxd5 Bxd5 17. Qc3 Nc6 18. Qb2 f5 19. Rc1 Na5 20. Qb4 Qxb4+
21. axb4 Nc6 22. c4 Nxb4 23. Rc3 Bf7 24. Bxc7 Rc8 25. Bxb6 Rxc4 26. Rxc4
Nd3+ 27. Ke2 Bxc4 28. Kd2 g4 29. Nf4 Nxf2 30. Rc1 Bg8 31. Ke2 Nd3 32. Nxd3
exd3+ 33. Kxd3 h5 34. Rc8+ Kf7 35. Ra8 Bh7 36. Rxh8 {Black resigns} 1-0

[Event "ICC tourney 1954 (60 10)"]
[Site "Internet Chess Club"]
[Date "2020.08.09"]
[Round "8"]
[White "royayush"]
[Black "ElaineFan"]
[Result "0-1"]
[ICCResult "White checkmated"]
[WhiteElo "1322"]
[BlackElo "1206"]
[Opening "QGD Slav defense, Alekhine variation"]
[ECO "D10"]
[NIC "SL.01"]
[Time "15:18:57"]
[TimeControl "3600+10"]

1. d4 d5 2. c4 c6 3. Nc3 dxc4 4. e4 b5 5. a4 Bd7 6. d5 a6 7. dxc6 Bxc6 8.
Qxd8+ Kxd8 9. axb5 axb5 10. Rxa8 Bxa8 11. Nxb5 Bxe4 12. Bxc4 Bxg2 13. f3 e6
14. Ke2 Bxh1 15. Kf1 Bc5 16. Be2 Nf6 17. Bf4 Ke7 18. Nh3 Nd5 19. Bd2 Ne3+
20. Bxe3 Bxe3 21. Nf2 Bxf3 22. Bxf3 Bxf2 23. Kxf2 Nd7 24. Nc3 Rb8 25. Nd1
Ne5 26. Be2 f5 27. Ke3 Ng4+ 28. Bxg4 fxg4 29. Kf4 Rb4+ 30. Kg3 h5 31. Kh4 g6
32. Kg5 Kf7 33. Kh6 Rd4 34. Nc3 Rd2 35. b4 Rxh2 36. b5 Rb2 37. Ne4 Ke7 38.
Kxg6 Rxb5 39. Ng3 h4 40. Ne4 g3 41. Kg7 g2 42. Kh6 g1=Q 43. Ng5 Qxg5+ 44.
Kh7 Kf7 45. Kh8 Qg7# {White checkmated} 0-1

[Event "ICC tourney 1954 (60 10)"]
[Site "Internet Chess Club"]
[Date "2020.08.09"]
[Round "8"]
[White "sstao17"]
[Black "Alberttheshow"]
[Result "1-0"]
[ICCResult "Black checkmated"]
[WhiteElo "626"]
[BlackElo "506"]
[Opening "Scotch game"]
[ECO "C45"]
[NIC "SO.04"]
[Time "15:19:31"]
[TimeControl "3600+10"]

1. e4 e5 2. Nf3 Nc6 3. d4 exd4 4. Nxd4 Nxd4 5. Nc3 Nc6 6. Bd3 Bb4 7. Bd2 Nf6
8. a3 Ba5 9. O-O O-O 10. Rb1 Bxc3 11. Bxc3 d5 12. exd5 Nxd5 13. Bd2 Re8 14.
b3 Nf6 15. a4 Nb4 16. Bxb4 Bg4 17. Qc1 Nd5 18. Bd2 Qe7 19. Re1 Qd6 20. Rxe8+
Rxe8 21. h3 Bh5 22. Bc4 Nf6 23. Bf4 Qe7 24. Kf1 Rd8 25. Qe3 Qxe3 26. Bxe3
Rd1+ 27. Rxd1 Bxd1 28. Bd3 a6 29. f3 Nd5 30. Bd2 b5 31. axb5 a5 32. Ke1 Bxf3
33. gxf3 g5 34. Bxg5 Kg7 35. Bd2 a4 36. bxa4 Nb6 37. a5 Nc8 38. Be3 Kf8 39.
b6 Ke7 40. c4 cxb6 41. axb6 Kd7 42. b7 h5 43. bxc8=Q+ Kxc8 44. c5 Kd7 45.
Kd2 Kc6 46. Kc3 Kc7 47. Kc4 Kc6 48. Be4+ Kc7 49. c6 Kd6 50. Kd4 Kc7 51. Kd5
Kc8 52. Kd6 h4 53. f4 f5 54. Bxf5+ Kd8 55. Be4 Kc8 56. f5 Kd8 57. Bg1 Kc8
58. f6 Kd8 59. Bf3 Kc8 60. Ke7 Kc7 61. f7 Kc8 62. Bd1 Kc7 63. Bf2 Kc8 64.
Bxh4 Kc7 65. Be1 Kc8 66. h4 Kc7 67. h5 Kc8 68. c7 Kb7 69. h6 Kc8 70. Bh5 Kb7
71. Bh4 Kc8 72. Bg6 Kb7 73. Bh7 Kc8 74. Bg8 Kb7 75. Bf6 Kc8 76. Bg7 Kb7 77.
c8=Q+ Kxc8 78. f8=Q+ Kc7 79. Qf5 Kb8 80. Qc5 Kb7 81. h7 Kb8 82. Qd6+ Kc8 83.
Qd7+ Kb8 84. h8=Q Ka8 85. Kd6 Kb8 86. Bd4 Ka8 87. Kc6 Kb8 88. Qhg7 Ka8 89.
Bb6 Kb8 90. Bc4 Ka8 91. Ba6 Kb8 92. Qge7 Ka8 93. Qed8# {Black checkmated}
1-0

[Event "ICC tourney 1954 (60 10)"]
[Site "Internet Chess Club"]
[Date "2020.08.09"]
[Round "8"]
[White "Tiger2010"]
[Black "arjunbupeshnath"]
[Result "1-0"]
[ICCResult "Black checkmated"]
[WhiteElo "690"]
[BlackElo "867"]
[Opening "Scotch: Schmidt variation"]
[ECO "C45"]
[NIC "SO.04"]
[Time "15:19:31"]
[TimeControl "3600+10"]

1. e4 e5 2. Nf3 Nc6 3. d4 exd4 4. Nxd4 Nf6 5. Nc3 Be7 6. Be2 d5 7. Nxc6 bxc6
8. e5 Ne4 9. Bd2 O-O 10. O-O Nxd2 11. Qxd2 Bf5 12. Bd3 Bxd3 13. cxd3 Bg5 14.
f4 Be7 15. d4 Qd7 16. f5 c5 17. Qe3 Qc6 18. Qg3 Bd8 19. f6 g6 20. Qh4 h5 21.
Qg5 Kh7 22. g4 Rg8 23. Kh1 Qe6 24. gxh5 Qh3 25. Rg1 Qf3+ 26. Rg2 gxh5 27.
Qxg8+ Kh6 28. Qg7# {Black checkmated} 1-0

[Event "ICC tourney 1954 (60 10)"]
[Site "Internet Chess Club"]
[Date "2020.08.09"]
[Round "8"]
[White "Checkmate1970"]
[Black "AD-chess"]
[Result "1-0"]
[ICCResult "Black checkmated"]
[WhiteElo "892"]
[BlackElo "1066"]
[Opening "Sicilian: Hungarian variation"]
[ECO "B27"]
[NIC "SI.43"]
[Time "15:18:27"]
[TimeControl "3600+10"]

1. e4 c5 2. Nf3 g6 3. Nc3 Nc6 4. Bb5 Bg7 5. Bxc6 bxc6 6. d4 cxd4 7. Nxd4 Bb7
8. Be3 Nf6 9. O-O c5 10. Nf3 Nxe4 11. Nxe4 Bxe4 12. Bxc5 Bxb2 13. Rb1 Bg7
14. Bd4 O-O 15. Bxg7 Kxg7 16. Qd4+ Kg8 17. Qxe4 Qa5 18. Qxe7 Qxa2 19. Qxd7
Qxc2 20. Ng5 a5 21. Qh3 h5 22. Ra1 a4 23. g4 Qc5 24. Ne4 Qb4 25. Nf6+ Kg7
26. Nd5 Qc5 27. Qc3+ Qxc3 28. Nxc3 a3 29. gxh5 gxh5 30. Kg2 Rfc8 31. Nd5 a2
32. Nb6 Rcb8 33. Nxa8 Rxa8 34. Rfe1 Kg6 35. Re2 Rg8 36. Kh3 Kf5 37. Raxa2
Kf4 38. Re3 f5 39. Ra4+ Kg5 40. Rg3+ Kh6 41. Rxg8 Kh7 42. Rf8 Kh6 43. Rxf5
Kg6 44. Rd5 Kf6 45. Ra6+ Ke7 46. Rxh5 Kd7 47. Rh7+ Kc8 48. Ra8#
{Black checkmated}
1-0

[Event "ICC tourney 1954 (60 10)"]
[Site "Internet Chess Club"]
[Date "2020.08.09"]
[Round "8"]
[White "OwenT"]
[Black "Jaguarking"]
[Result "1-0"]
[ICCResult "Black checkmated"]
[WhiteElo "1264"]
[BlackElo "1117"]
[Opening "Giuoco Pianissimo"]
[ECO "C50"]
[NIC "IG.02"]
[Time "15:18:57"]
[TimeControl "3600+10"]

1. e4 e5 2. Nf3 Nc6 3. Bc4 Bc5 4. d3 h6 5. Nc3 Nf6 6. O-O d6 7. h3 O-O 8.
Be3 Bb6 9. Qd2 Be6 10. Bb3 Qd7 11. d4 exd4 12. Nxd4 Rad8 13. Nxe6 fxe6 14.
Bxb6 axb6 15. f4 Ne8 16. f5 Kh8 17. fxe6 Qe7 18. Nd5 Rxf1+ 19. Rxf1 Qh4 20.
e7 Rd7 21. Rf8+ Kh7 22. Rxe8 Nxe7 23. Nxe7 Rxe7 24. Rxe7 Qxe7 25. Qd3 Qe5
26. c3 Qc5+ 27. Kf1 Qe5 28. Qd5 Qf4+ 29. Ke2 Qh2 30. Qf5+ g6 31. Qf7+ Kh8
32. Qg8# {Black checkmated} 1-0

[Event "ICC tourney 1954 (60 10)"]
[Site "Internet Chess Club"]
[Date "2020.08.09"]
[Round "8"]
[White "lovechess12"]
[Black "nathanarnold12"]
[Result "1-0"]
[ICCResult "Black resigns"]
[WhiteElo "1233"]
[BlackElo "1311"]
[Opening "French: Tarrasch, closed variation"]
[ECO "C05"]
[NIC "FR.16"]
[Time "15:18:21"]
[TimeControl "3600+10"]

1. e4 e6 2. d4 d5 3. Nd2 Nf6 4. e5 Nfd7 5. Ngf3 c5 6. c3 Nc6 7. Bd3 cxd4 8.
cxd4 Be7 9. Qc2 Nb4 10. Qc3 Nxd3+ 11. Qxd3 b6 12. Nf1 a5 13. Bd2 Ba6 14. Qb3
Rc8 15. Ne3 O-O 16. Rc1 Rxc1+ 17. Bxc1 Qc7 18. Qc2 Rc8 19. Qxc7 Rxc7 20. Bd2
Nb8 21. a3 Nc6 22. Bc3 h6 23. g4 Bd3 24. Kd2 Be4 25. Ke2 Na7 26. Rc1 Nb5 27.
Nd1 Bxf3+ 28. Kxf3 Nxd4+ 29. Kg2 Ne2 30. Rc2 Nxc3 31. Rxc3 Rxc3 32. Nxc3 Kf8
33. f4 Ke8 34. Kf3 Kd7 35. Ke2 Kc6 36. Kd3 Bc5 37. Ne2 f6 38. h4 fxe5 39.
fxe5 Be7 40. h5 Bg5 41. a4 Kc5 42. Nd4 Kb4 43. Nxe6 Bc1 44. Nxg7 Bxb2 45. e6
Bf6 46. Nf5 Kxa4 47. e7 Bxe7 48. Nxe7 Kb5 49. Nf5 a4 50. Nxh6 a3 51. Nf5 a2
52. Nd4+ Ka4 53. Nc2 b5 54. h6 b4 55. h7 b3 56. h8=Q bxc2 57. Kxc2 Kb4 58.
Qb2+ Kc4 59. g5 d4 60. Qxa2+ Kc5 61. g6 {Black resigns} 1-0

[Event "ICC tourney 1954 (60 10)"]
[Site "Internet Chess Club"]
[Date "2020.08.09"]
[Round "8"]
[White "lemonbar"]
[Black "wrongpilot"]
[Result "0-1"]
[ICCResult "White resigns"]
[WhiteElo "1017"]
[BlackElo "835"]
[Opening "Queen's gambit accepted"]
[ECO "D20"]
[NIC "QG.03"]
[Time "15:18:50"]
[TimeControl "3600+10"]

1. d4 d5 2. c4 dxc4 3. e3 Bf5 4. Bxc4 Nf6 5. Nc3 e6 6. Nf3 Bb4 7. O-O Bg4 8.
h3 Bxf3 9. Qxf3 O-O 10. a3 Bxc3 11. bxc3 Nc6 12. Rb1 Rb8 13. e4 Qd7 14. Bg5
Qe7 15. Bxf6 Qxf6 16. Qxf6 gxf6 17. Bb5 Ne7 18. Rfe1 Ng6 19. g3 c6 20. Bd3
b6 21. Re3 Rfd8 22. h4 Rb7 23. h5 Ne7 24. Rf3 Kg7 25. h6+ Kxh6 26. Rxf6+ Kg7
27. Rf4 Ng6 28. Rg4 c5 29. e5 cxd4 30. Bxg6 hxg6 31. Rxd4 Rxd4 32. cxd4 Rd7
33. Rd1 Rd5 34. Kg2 f5 35. f3 Kh6 36. Kf2 Kg5 37. Ke3 Kh5 38. a4 g5 39. Rb1
Ra5 40. Ra1 b5 41. d5 exd5 42. e6 Ra6 43. axb5 Rxa1 44. e7 Re1+ 45. Kd4 Rxe7
46. Kxd5 Rb7 47. Kc6 Rg7 48. f4 g4 49. Kd5 Rb7 50. Ke5 Rxb5+ 51. Kd4 a5 52.
Kc4 Rb4+ 53. Kc3 Re4 54. Kb2 a4 55. Ka3 Re3+ 56. Kxa4 Rxg3 57. Kb4 Re3 58.
Kc4 g3 59. Kd4 Ra3 {White resigns} 0-1

[Event "ICC tourney 1954 (60 10)"]
[Site "Internet Chess Club"]
[Date "2020.08.09"]
[Round "8"]
[White "GradyL"]
[Black "PirateKing"]
[Result "1/2-1/2"]
[ICCResult "Game drawn by mutual agreement"]
[WhiteElo "1064"]
[BlackElo "856"]
[Opening "Caro-Kann: exchange variation"]
[ECO "B13"]
[NIC "CK.02"]
[Time "15:18:44"]
[TimeControl "3600+10"]

1. e4 c6 2. d4 d5 3. exd5 cxd5 4. Bd3 e6 5. Nf3 Bd6 6. Nc3 a6 7. O-O Ne7 8.
Bd2 O-O 9. Ng5 g6 10. Nf3 Nf5 11. Bxf5 exf5 12. Bh6 Re8 13. Re1 Be6 14. Ng5
Bb4 15. Nxe6 Rxe6 16. Rxe6 fxe6 17. Qe1 Qd6 18. Qe3 Nc6 19. Ne2 Re8 20. c3
Ba5 21. Bf4 Qd7 22. h3 Bd8 23. Re1 b5 24. a3 Qf7 25. Nc1 Bf6 26. Nd3 Qg7 27.
Ne5 Nxe5 28. Bxe5 Bxe5 29. Qxe5 Qxe5 {Game drawn by mutual agreement}
1/2-1/2

[Event "ICC tourney 1954 (60 10)"]
[Site "Internet Chess Club"]
[Date "2020.08.09"]
[Round "8"]
[White "wonderwoman"]
[Black "auggie29"]
[Result "0-1"]
[ICCResult "White checkmated"]
[WhiteElo "1297"]
[BlackElo "1087"]
[Opening "French defense"]
[ECO "C00"]
[NIC "FR.01"]
[Time "15:19:11"]
[TimeControl "3600+10"]

1. e4 e6 2. Nf3 d5 3. exd5 exd5 4. Bb5+ Bd7 5. Bxd7+ Qxd7 6. O-O Be7 7. b3
Nf6 8. Bb2 O-O 9. d3 c5 10. Nbd2 Nc6 11. c4 d4 12. Ne4 Rfe8 13. Re1 b6 14.
a3 Bd6 15. Nxf6+ gxf6 16. b4 Rxe1+ 17. Qxe1 Re8 18. Qd2 Qf5 19. h3 Ne5 20.
Nh4 Qh5 21. g3 Qxh4 22. Qe2 Qxh3 23. Bc1 Qf5 24. f4 Qxd3 25. Qxd3 Nxd3 26.
Bd2 cxb4 27. axb4 Bxb4 28. Bxb4 Nxb4 29. Rxa7 Rd8 30. Rb7 d3 31. Rxb6 d2 32.
Rxb4 d1=Q+ 33. Kg2 Qd2+ 34. Kh3 Qxb4 35. Kh4 Qxc4 36. Kg4 Qe2+ 37. Kf5 Rd5+
38. Kxf6 Qe6# {White checkmated} 0-1

[Event "ICC tourney 1954 (60 10)"]
[Site "Internet Chess Club"]
[Date "2020.08.09"]
[Round "8"]
[White "Aahilvalliani"]
[Black "Leifpaulson"]
[Result "0-1"]
[ICCResult "White resigns"]
[WhiteElo "722"]
[BlackElo "969"]
[Opening "QGD Slav defense"]
[ECO "D10"]
[NIC "SL.01"]
[Time "15:18:53"]
[TimeControl "3600+10"]

1. d4 d5 2. c4 c6 3. Nc3 Nf6 4. Bf4 Bf5 5. Nf3 Nbd7 6. e3 e6 7. Be2 Bb4 8.
O-O O-O 9. a3 Bxc3 10. bxc3 c5 11. Nh4 Be4 12. f3 Bf5 13. Nxf5 exf5 14. Bd3
g6 15. Qc2 dxc4 16. Bxc4 Nh5 17. Qb3 Nb6 18. Bd3 Rc8 19. Be2 Nxf4 20. exf4
Re8 21. Bb5 Re3 22. Rfd1 c4 23. Qc2 a6 24. Ba4 Nd5 25. Qd2 Rxc3 26. Rdc1 Qa5
27. Rxc3 Qxc3 28. Qxc3 Nxc3 29. Bc2 Ne2+ 30. Kf2 Nxd4 31. Bd1 b5 32. a4 c3
33. Ke3 c2 34. Rc1 cxd1=Q 35. Rxd1 Nb3 36. axb5 axb5 37. Rb1 Rc3+ 38. Kf2 b4
39. g4 Rc2+ 40. Kg3 fxg4 41. fxg4 Rc3+ 42. Kg2 Rc2+ 43. Kg3 Rc3+ 44. Kg2 Rd3
45. h3 Kg7 46. Re1 Rd2+ 47. Kg3 Nd4 48. Kh4 Nf3+ 49. Kg3 Nxe1 {White
resigns} 0-1

[Event "ICC tourney 1954 (60 10)"]
[Site "Internet Chess Club"]
[Date "2020.08.09"]
[Round "8"]
[White "Justin2009"]
[Black "QueeningPawn8"]
[Result "1/2-1/2"]
[ICCResult "Game drawn by mutual agreement"]
[WhiteElo "1232"]
[BlackElo "934"]
[Opening "Sicilian: Tartakower variation"]
[ECO "B53"]
[NIC "SI.01"]
[Time "15:19:05"]
[TimeControl "3600+10"]

1. e4 c5 2. Nf3 d6 3. d4 cxd4 4. c3 Nf6 5. cxd4 Nxe4 6. Bd3 Nf6 7. Nc3 h6 8.
h3 e6 9. O-O Be7 10. Re1 O-O 11. d5 exd5 12. Bf4 Re8 13. Nh4 g5 14. Bxg5
hxg5 15. Nf5 Bxf5 16. Bxf5 Nbd7 17. Nxd5 Nxd5 18. Qxd5 Nf6 19. Qxb7 Bf8 20.
Red1 Qb6 21. Qf3 Qxb2 22. Kh2 Rad8 23. g3 d5 24. h4 Re2 25. Kg2 Bc5 26. Rf1
Rxf2+ 27. Rxf2 Bxf2 28. Qxf2 Qxa1 29. hxg5 Ne4 30. Qxa7 Nxg5 31. Qe3 Qxa2+
32. Kf1 Nh7 33. Qh6 Nf8 34. Qg5+ Ng6 35. Qxd8+ Kg7 36. Bxg6 fxg6 37. Qe7+
Kh6 38. g4 g5 39. Qf6+ Kh7 40. Qxg5 Qa1+ 41. Ke2 Qa6+ 42. Ke3 Qe6+ 43. Kd4
Qe4+ 44. Kc5 Qc4+ 45. Kd6 Qa6+ 46. Ke5 Qe2+ 47. Kd6 Qa6+ 48. Ke5 Qe2+ 49.
Kd6 Qa6+ 50. Ke5 Qa1+ 51. Kf5 Qb1+ {Game drawn by mutual agreement} 1/2-1/2

[Event "ICC tourney 1954 (60 10)"]
[Site "Internet Chess Club"]
[Date "2020.08.09"]
[Round "8"]
[White "AF8"]
[Black "Remington"]
[Result "1-0"]
[ICCResult "Black checkmated"]
[WhiteElo "1021"]
[BlackElo "721"]
[Opening "King's pawn game"]
[ECO "C50"]
[NIC "IG.03"]
[Time "15:18:22"]
[TimeControl "3600+10"]

1. e4 e5 2. Nf3 Nc6 3. Bc4 h6 4. c3 d6 5. h3 g6 6. d4 exd4 7. cxd4 Bg7 8.
Qb3 Qe7 9. Nc3 Nxd4 10. Nxd4 Bxd4 11. O-O b6 12. Be3 Bxc3 13. bxc3 Nf6 14.
Bd4 O-O 15. Rae1 Bb7 16. e5 Ne4 17. Qc2 dxe5 18. Be3 Kg7 19. f3 Nd6 20. Bd3
c5 21. Bf4 f6 22. Bg3 g5 23. f4 gxf4 24. Rxf4 Rf7 25. Rg4+ Kf8 26. Bh4 Rg7
27. Rxg7 Qxg7 28. Re2 Kf7 29. Rf2 Rd8 30. Rxf6+ Kg8 31. Rg6 Qxg6 32. Bxg6
Rd7 33. Qb3+ c4 34. Qd1 Bc6 35. Qg4 a6 36. Be8+ Rg7 37. Qe6+ Kf8 38. Qxd6+
Kxe8 39. Qxc6+ Kf7 40. Qxc4+ Kf8 41. Qc8+ Kf7 42. Qxa6 Rg6 43. Qc4+ Ke8 44.
Qc8+ Kf7 45. Qd7+ Kf8 46. Qe7+ Kg8 47. Qe8+ Kg7 48. Be7 Re6 49. Bf8+ Kg8 50.
Qxe6+ Kxf8 51. Qxh6+ Ke7 52. Qxb6 e4 53. a4 Kd7 54. a5 Kc8 55. a6 e3 56.
Qxe3 Kb8 57. Qb6+ Kc8 58. Qb7+ Kd8 59. a7 Ke8 60. a8=Q# {Black checkmated}
1-0

[Event "ICC tourney 1954 (60 10)"]
[Site "Internet Chess Club"]
[Date "2020.08.09"]
[Round "8"]
[White "JCJ2018"]
[Black "shawnchicken"]
[Result "0-1"]
[ICCResult "White checkmated"]
[WhiteElo "992"]
[BlackElo "1337"]
[Opening "Giuoco Pianissimo"]
[ECO "C50"]
[NIC "IG.02"]
[Time "15:18:19"]
[TimeControl "3600+10"]

1. e4 e5 2. Nf3 Nc6 3. Bc4 Bc5 4. d3 Nf6 5. Bg5 h6 6. Bh4 d6 7. h3 a6 8. Nc3
Na5 9. Bb3 c6 10. a3 Nxb3 11. cxb3 Be6 12. b4 Bb6 13. a4 Rc8 14. b5 O-O 15.
bxa6 bxa6 16. b4 Rb8 17. b5 Ba5 18. Qc2 cxb5 19. axb5 Rc8 20. Ra3 Bb4 21.
Rxa6 Rxc3 22. Qa4 Rc1+ 23. Ke2 Rxh1 24. Qxb4 d5 25. Nxe5 dxe4 26. dxe4 Qd1+
27. Ke3 Re1+ 28. Qxe1 Qxe1+ 29. Kd4 Qxe4+ 30. Kc3 Qxe5+ 31. Kb4 Qe4+ 32. Kc5
Qxh4 33. b6 Qc4+ 34. Kd6 Qd5+ 35. Kc7 Rc8# {White checkmated} 0-1

[Event "ICC tourney 1954 (60 10)"]
[Site "Internet Chess Club"]
[Date "2020.08.09"]
[Round "8"]
[White "traycon"]
[Black "tenuun"]
[Result "0-1"]
[ICCResult "White resigns"]
[WhiteElo "897"]
[BlackElo "1170"]
[Opening "English: four knights system"]
[ECO "A28"]
[NIC "EO.08"]
[Time "15:19:11"]
[TimeControl "3600+10"]

1. c4 e5 2. Nc3 Nf6 3. Nf3 Nc6 4. d4 exd4 5. Nxd4 Nxd4 6. Qxd4 Bb4 7. g3 d6
8. Bg2 Bxc3+ 9. Qxc3 O-O 10. O-O c6 11. b3 Be6 12. Bb2 Qe7 13. Rfe1 Ne8 14.
Rad1 Rd8 15. h4 Qf6 16. Qxf6 Nxf6 17. Bxf6 gxf6 18. Rd3 d5 19. cxd5 Bxd5 20.
Red1 Rfe8 21. R1d2 f5 22. Bxd5 Rxd5 23. Rxd5 cxd5 24. Kf1 Rd8 25. Rc2 Rd7
26. h5 Kg7 27. f3 a6 28. a4 h6 29. b4 Kf6 30. a5 Kg5 31. b5 axb5 32. Rb2 f4
33. g4 f5 34. Rxb5 fxg4 35. fxg4 Kxg4 36. Kf2 Kxh5 37. Kf3 Kg5 38. Rb1 d4
39. Rg1+ Kf5 40. Rh1 d3 41. exd3 Rxd3+ 42. Ke2 Rd5 43. Rxh6 Kg5 44. Rh7 Rb5
45. Rg7+ Kf6 46. Rg6+ Kxg6 47. a6 bxa6 48. Kf3 Rb4 49. Ke2 Rb3 50. Kd2 a5
51. Kc2 a4 52. Kc1 f3 53. Kd2 f2 54. Ke2 Rb2+ 55. Kf1 a3 56. Kg2 a2 57. Kf3
a1=Q 58. Ke4 f1=Q {White resigns} 0-1

[Event "ICC tourney 1954 (60 10)"]
[Site "Internet Chess Club"]
[Date "2020.08.09"]
[Round "8"]
[White "ChessG2011"]
[Black "nbhate"]
[Result "0-1"]
[ICCResult "White resigns"]
[WhiteElo "1022"]
[BlackElo "1249"]
[Opening "Sicilian defense"]
[ECO "B40"]
[NIC "SI.43"]
[Time "15:18:25"]
[TimeControl "3600+10"]

1. e4 c5 2. Nf3 e6 3. Nc3 Nc6 4. Bb5 Nd4 5. Bc4 Nf6 6. d3 d5 7. exd5 exd5 8.
Bb5+ Nxb5 9. Nxb5 Qa5+ 10. Nc3 d4 11. Qe2+ Be6 12. Bd2 dxc3 13. Bxc3 Qb6 14.
O-O h6 15. Rfe1 Be7 16. d4 Nd5 17. dxc5 Nxc3 18. cxb6 Nxe2+ 19. Rxe2 axb6
20. a3 Bf6 21. c3 Ke7 22. Rae1 Rhd8 23. Ne5 Bxe5 24. Rxe5 Kd6 25. f4 Kc7 26.
f5 Bc4 27. Re7+ Kc6 {White resigns} 0-1

[Event "ICC tourney 1954 (60 10)"]
[Site "Internet Chess Club"]
[Date "2020.08.09"]
[Round "8"]
[White "KCchess"]
[Black "jhong3"]
[Result "0-1"]
[ICCResult "White checkmated"]
[WhiteElo "485"]
[BlackElo "1054"]
[Opening "King's pawn opening"]
[ECO "B07"]
[NIC "VO.17"]
[Time "15:18:19"]
[TimeControl "3600+10"]

1. e4 d6 2. g4 Nc6 3. c3 Nf6 4. f3 g6 5. h4 Bg7 6. d4 e5 7. d5 Ne7 8. Bg5
O-O 9. Bxf6 Bxf6 10. g5 Bg7 11. c4 c6 12. Nc3 cxd5 13. cxd5 f5 14. Bh3 fxe4
15. Bxc8 Qxc8 16. fxe4 b6 17. Nge2 Qg4 18. Rf1 Rxf1+ 19. Kxf1 Qxh4 20. Ng1
Rf8+ 21. Ke2 Rf2+ 22. Ke3 Nf5+ 23. Kd3 Qxg5 24. Nh3 Qe3+ 25. Kc4 Rxb2 26.
Qd2 Qxd2 27. Rd1 Ne3# {White checkmated} 0-1

[Event "ICC tourney 1954 (60 10)"]
[Site "Internet Chess Club"]
[Date "2020.08.09"]
[Round "8"]
[White "SonicTrist"]
[Black "Cougar2020"]
[Result "0-1"]
[ICCResult "White checkmated"]
[WhiteElo "1311"]
[BlackElo "1164"]
[Opening "French: exchange variation"]
[ECO "C01"]
[NIC "FR.01"]
[Time "15:19:11"]
[TimeControl "3600+10"]

1. e4 e6 2. d4 d5 3. exd5 exd5 4. Nf3 Nf6 5. Bd3 Bd6 6. Bg5 Nbd7 7. Nbd2 O-O
8. c3 c6 9. O-O Re8 10. Qc2 h6 11. Bh4 Qc7 12. Rfe1 b6 13. Rxe8+ Nxe8 14.
Re1 Nef6 15. Bxf6 Nxf6 16. Nf1 Be6 17. Ng3 Re8 18. Bf5 Bxf5 19. Rxe8+ Nxe8
20. Qxf5 Nf6 21. Nd2 c5 22. Nb3 Qe7 23. Qc8+ Qf8 24. Qxf8+ Bxf8 25. Nf5 Ne4
26. Ne3 Nf6 27. Kf1 c4 28. Nd2 b5 29. a3 a5 30. h3 b4 31. axb4 axb4 32. Ng4
Nxg4 33. hxg4 bxc3 34. bxc3 Ba3 35. Nb1 Bd6 36. Ke2 g6 37. Ke3 Kg7 38. f4 f6
39. f5 gxf5 40. gxf5 h5 41. Kf3 Kh6 42. g4 Kg5 43. gxh5 Kxh5 44. Nd2 Kg5 45.
Nf1 Kxf5 46. Ne3+ Ke6 47. Kg4 Ba3 48. Kf4 Bc1 49. Kf3 f5 50. Nd1 Kf6 51. Nf2
Kg5 52. Nd1 f4 53. Nf2 Kf5 54. Nh3 Bd2 55. Nf2 Bxc3 56. Nd1 Bxd4 57. Ke2 Ke4
58. Kd2 f3 59. Ke1 c3 60. Nxc3+ Bxc3+ 61. Kd1 Ke3 62. Kc1 f2 63. Kc2 f1=Q
64. Kxc3 d4+ 65. Kc2 Qd3+ 66. Kb2 Qc3+ 67. Kb1 Kd2 68. Ka2 Qb4 69. Ka1 Kc2
70. Ka2 Qa4# {White checkmated} 0-1

[Event "ICC tourney 1954 (60 10)"]
[Site "Internet Chess Club"]
[Date "2020.08.09"]
[Round "8"]
[White "bryantan2010"]
[Black "chesspanda0610"]
[Result "1-0"]
[ICCResult "Black checkmated"]
[WhiteElo "1203"]
[BlackElo "586"]
[Opening "Giuoco Piano: Bird's attack"]
[ECO "C54"]
[NIC "IG.02"]
[Time "15:19:11"]
[TimeControl "3600+10"]

1. e4 e5 2. Nf3 Nc6 3. Bc4 Bc5 4. c3 Nf6 5. b4 Bb6 6. d3 h6 7. a4 a5 8. b5
Ne7 9. Nbd2 O-O 10. Nf1 Re8 11. Ne3 d6 12. Qb3 Rf8 13. O-O c6 14. bxc6 bxc6
15. Rb1 Rb8 16. Qa2 Bd7 17. Ba3 Qc7 18. Rb2 Ba7 19. Rxb8 Qxb8 20. Nxe5 dxe5
21. Bxe7 Rc8 22. Bxf6 gxf6 23. Bxf7+ Kh7 24. Bh5 Rf8 25. Kh1 Qd6 26. Qe2 Qe7
27. Nf5 Bxf5 28. exf5 Qg7 29. f4 Rb8 30. fxe5 fxe5 31. f6 Qf8 32. f7 Qg7 33.
Qe4+ Kh8 34. Qf5 Rf8 35. Rf3 Qh7 36. Qxe5+ Qg7 37. Qf4 Qh7 38. Rg3 Bb8 39.
Qf6+ Qg7 40. Qxg7# {Black checkmated} 1-0